 Dungeon Crawl Stone Soup version 0.31-b1-20-g67cafac56d (webtiles) character file.

Game seed: 14018807130794989686

679 hawla the Scratcher (level 7, -5/33 HPs)
             Began as a Felid Shapeshifter on Jan 17, 2024.
             Slain by Pikel
             ... wielding a +1 whip of electrocution
              (11 damage)
             ... on level 5 of the Dungeon.
             The game lasted 00:08:28 (3349 turns).

hawla the Scratcher (Felid Shapeshifter)            Turns: 3349, Time: 00:08:28

Health: -5/33      AC:  2    Str: 12    XL:     7   Next: 34%
Magic:  8/8        EV: 20    Int: 14    God:
Gold:   41         SH:  0    Dex: 27    Spells: 5/6 levels left
                                        Lives:  0   Deaths: 3

rFire   . .          .
                       - Unarmed
rCold   . . .        (shield unavailable)
rNeg    . . .        (body armour unavailable)
rPois   .            (helmet unavailable)
rElec   .            (cloak unavailable)
rCorr   .            (gloves unavailable)
SInv    +            (boots unavailable)
Will    +....        (no amulet)
Stlth   ++           j - +6 ring of dexterity
HPRegen 0.25/turn    n - +6 ring of dexterity
MPRegen 0.11/turn

%: no passive effects
@: beast-form
A: beast (slay +2), very small, claws 1, fangs 3, see invisible, shaggy fur 2,
stealthy paws, no weapons or thrown items, no armour, multi-lived
a: Begin Untransformation


You were on level 5 of the Dungeon.
You were a hulking beast.
You visited 1 branch of the dungeon, and saw 6 of its levels.

You collected 141 gold pieces.
You spent 100 gold pieces at shops.

Inventory:

Jewellery
 j - a +6 ring of dexterity (left paw)
 n - a +6 ring of dexterity (right paw)
Talismans
 b - a beast talisman
 c - a flux talisman
Scrolls
 e - a scroll of immolation
 k - 2 scrolls of poison
 p - a scroll of vulnerability
Potions
 a - 2 potions of enlightenment
 d - 3 potions of curing
 g - a potion of berserk rage
 h - a potion of ambrosia {unknown}
 i - a potion of degeneration {unknown}
 l - 2 potions of might {unknown}
 m - a potion of mutation {unknown}
 o - a potion of resistance {unknown}


   Skills:
 - Level 1.0 Fighting
 + Level 3.6 Dodging
 * Level 7.1 Unarmed Combat
 + Level 0.2 Spellcasting
 + Level 2.6 Translocations
 * Level 4.1 Shapeshifting


You had 5 spell levels left.
You knew the following spells:

 Your Spells              Type           Power      Damage    Failure   Level
a - Apportation           Tloc           14%        N/A       10%         1

Your spell library contained the following spells:

 Spells                   Type           Power      Damage    Failure   Level
 Necrotise                Necr           0%         1d4       28%         1
 Sandblast                Erth           0%         2d4       28%         1
 Sting                    Conj/Alch      0%         1d3       28%         1
 Summon Small Mammal      Summ           0%         N/A       28%         1
 Mercury Vapours          Alch/Air       0%         N/A       41%         2
 Mephitic Cloud           Conj/Alch/Air  0%         N/A       65%         3
 Passwall                 Erth           0%         N/A       65%         3
 Stone Arrow              Conj/Erth      0%         3d7       65%         3
 Brom's Barrelling Bould  Conj/Erth      0%         2d3       96%         4
 Olgreb's Toxic Radiance  Alch           0%         N/A       96%         4
 Freezing Cloud           Conj/Ice/Air   0%         6-21      100%        5


Dungeon Overview and Level Annotations

Branches:
Dungeon (6/15)
 Temple: D:4-7

Altars:
Ashenzari
Hepliaklqana
Yredelemnul

Shops:
D:1 !   D:3 *

Annotations:
D:5 Pikel


Innate Abilities, Weirdness & Mutations

You are a hulking beast.
Your limbs bulge with bestial killing power. (Slay +2)
You have sharp claws.
You have razor-sharp teeth.
You have supernaturally acute eyesight. (SInv)
You are covered in thick fur. (AC +2)
Your paws help you pounce on unaware monsters.
You are incapable of wielding weapons or throwing items.
You cannot wear armour.
You gain extra lives every three experience levels.


Message History

You claw the lemure!
The lemure is moderately wounded.
The lemure barely misses you.
You claw the lemure! You bite the lemure.
The lemure is almost dead.
The lemure completely misses you.
You closely miss the lemure.
The lemure is almost dead.
You scratch the lemure.
You kill the lemure!
That felt strangely unrewarding.
You climb downwards.
Level annotation: Pikel The lemure shouts!
Pikel hits you with a +1 whip of electrocution!
You are electrocuted!
The lemure hits you.
* * * LOW HITPOINT WARNING * * *
The lemure closely misses you.
There is a stone staircase leading up here.
Pikel completely misses you. The lemure barely misses you.
The lemure closely misses you.
You climb upwards.
There is a stone staircase leading down here.
You scratch Pikel.
Pikel is lightly wounded.
Pikel closely misses you. The lemure closely misses you.
The lemure barely misses you.
You claw Pikel!
Pikel is moderately wounded.
Pikel hits you with a +1 whip of electrocution.
* * * LOW HITPOINT WARNING * * *
The lemure misses you. The lemure closely misses you.
You closely miss Pikel. You bite Pikel, but do no damage.
Pikel is moderately wounded.
Pikel misses you. The lemure misses you. x2
You scratch Pikel.
Pikel is moderately wounded.
Pikel hits you with a +1 whip of electrocution!
You die...
Pikel says, "Another soul for the market."

###...........### #.#
#......# #
##.#........# ##.#
##.....# #
#.#....#)######..#
#.[...# # #[.#.....#
#...## ####### #
#..#.##..####.#### #
#....###.#.......# #
#..##............# #
#..##.###........#
#.......#.5hK....#
#######.##...##..5....#
..[.....##...##.......#
##########...##########
#####


You could see Pikel and 2 lemures.

Vanquished Creatures
  2 ogres (D:5)
  A lemure (D:5)
  A bullfrog (D:5)
  A scorpion (D:5)
  A howler monkey (D:5)
  A bombardier beetle (D:5)
  3 hounds (D:5)
  2 sleepcaps
  Terence (D:3)
  An iguana (D:4)
  Robin (D:3)
  4 adders
  A shadow imp (D:5)
  2 dart slugs (D:1)
  A ribbon worm (D:2)
  6 orcs
  3 bats
  A giant cockroach (D:1)
  8 goblins
  8 hobgoblins
  2 quokkas
  4 ball pythons
  10 frilled lizards
  4 kobolds
  3 rats
72 creatures vanquished.

Notes
Turn   | Place    | Note
-------+----------+-------------------------------------------
     0 | D:1      | hawla the Felid Shapeshifter began the quest for the Orb.
     0 | D:1      | Reached XP level 1. HP: 10/10 MP: 2/2
    56 | D:1      | Found Jiut's Distillery.
    69 | D:1      | Bought a potion of curing for 30 gold pieces
   319 | D:1      | Reached XP level 2. HP: 14/14 MP: 3/3
   534 | D:1      | Learned a level 1 spell: Apportation
   565 | D:1      | Reached skill level 1 in Translocations
  1003 | D:2      | Found a hazy altar of Hepliaklqana.
  1033 | D:2      | Reached XP level 3. HP: 11/18 MP: 4/4
  1642 | D:3      | Noticed Terence
  1654 | D:3      | Killed Terence
  1655 | D:3      | Reached XP level 4. HP: 10/22 MP: 5/5
  1655 | D:3      | Gained a life (2 lives remaining)
  1740 | D:3      | Reached skill level 4 in Unarmed Combat
  1868 | D:3      | Noticed Robin
  1880 | D:3      | Slain by a goblin
  1880 | D:3      | Lost a life (1 life remaining)
  1886 | D:3      | Found Sibby's General Store.
  1890 | D:3      | Bought a potion of enlightenment for 50 gold pieces
  1890 | D:3      | Bought a scroll of identify for 20 gold pieces
  1903 | D:3      | Found a broken altar of Ashenzari.
  2177 | D:3      | Found a basalt altar of Yredelemnul.
  2346 | D:3      | Killed Robin
  2485 | D:4      | Reached XP level 5. HP: 25/25 MP: 6/6
  2516 | D:4      | Noticed an ogre
  2518 | D:4      | Slain by an ogre
  2518 | D:4      | Lost a life (0 lives remaining)
  2561 | D:5      | Entered Level 5 of the Dungeon
  2718 | D:5      | Reached skill level 5 in Unarmed Combat
  2719 | D:5      | Noticed an ogre
  2729 | D:5      | Killed an ogre
  2730 | D:5      | Gained mutation: You are covered in thick fur. (AC +2)
                  | [Felid growth]
  2730 | D:5      | Reached XP level 6. HP: 30/30 MP: 7/7
  2882 | D:5      | Reached skill level 6 in Unarmed Combat
  3016 | D:5      | Reached XP level 7. HP: 33/33 MP: 8/8
  3016 | D:5      | Gained a life (1 life remaining)
  3280 | D:5      | Reached skill level 7 in Unarmed Combat
  3315 | D:6      | Mangled by an ice beast
  3315 | D:6      | Lost a life (0 lives remaining)
  3335 | D:6      | Noticed Pikel
  3349 | D:5      | Slain by Pikel

Illustrated notes

Levels and vault maps discovered:
D:1:      ldierk_walled_garden_2, layout_basic, serial_shops, shop,
          serial_forest, infiniplex_forest_straight_3,
          infiniplex_forest_lined_ring, infiniplex_forest_clump_diagonal,
          infiniplex_forest_clump_tiny, infiniplex_forest_corner_1,
          infiniplex_forest_straight_5, st_stairs_6, minmay_lizard_king
D:2:      layout_basic, basic_altar
D:3:      layout_basic, evilmike_ruin_ashenzari, lemuel_coloured_pillars_altar,
          serial_shops, shop, minmay_misc_feat_five, uniq_terence, uniq_robin
D:4:      layout_loops_ring, grunt_dithmenos_smoke,
          corexii_item_surrounded_by_moat
D:5:      layout_basic, wad_floor_pattern_untrapped, water_boxes_lemuel
D:6:      layout_cave_pools, grunt_temple_overflow_open, uniq_pikel

Skill      XL: |  1  2  3  4  5  6  7 |
---------------+----------------------+-----
Shapeshifting  | 3 4 |  4.1
Translocations | 2 |  2.6
Unarmed Combat | 4 5 6 7 |  7.1
Dodging        | 3 |  3.6
Fighting       | |  1.0
Spellcasting   | |  0.2

Action                     |  1- 3 |  4- 6 |  7- 9 || total
---------------------------+-------+-------+-------++-------
  Melee: Unarmed           |    77 |   108 |    24 ||   209
         Bite              |     5 |    13 |     2 ||    20
         Punch             |     3 |     3 |     1 ||     7
   Cast: Apportation       |       |     1 |       ||     1
    Use: Potion            |     1 |       |     1 ||     2
         Scroll            |     5 |     3 |       ||     8
   Stab: Sleeping          |     3 |     1 |       ||     4
         Distracted        |       |       |     1 ||     1
 Armour: Skin              |    47 |    33 |    10 ||    90
  Dodge: Dodged            |    67 |    79 |    29 ||   175
